 Dungeon Crawl Stone Soup version 0.24.0-13-gcf9b3192b9 (webtiles) character file.

Game seed: 7372215156742748603, levelgen mode: deterministic

455 Arum the Shield-Bearer (level 7, -5/56 HPs)
             Began as a Formicid Fighter on Nov 10, 2019.
             Was an Initiate of the Shining One.
             Slain by Duvessa
             ... wielding a +3 rapier of draining
              (11 damage)
             ... on level 4 of the Dungeon.
             The game lasted 00:03:20 (3029 turns).

Arum the Shield-Bearer (Formicid Fighter)           Turns: 3029, Time: 00:03:20

Health: -5/56      AC:  6    Str: 20 (21) XL:     7   Next: 26%
Magic:  7/7        EV:  7    Int:  5 (7)  God:    the Shining One [......]
Gold:   241        SH:  8    Dex: 11 (12) Spells: 6/6 levels left

rFire    . . .     SeeInvis +   a - +0 quarterstaff
rCold    . . .     Gourm    .   c - +0 shield
rNeg     . . .     Faith    .   b - +0 scale mail
rPois    .         Spirit   .   (helmet unavailable)
rElec    .         Reflect  .   (no cloak)
rCorr    .         Harm     .   (no gloves)
MR       .....                  (no boots)
Stlth    ..........             (no amulet)
HPRegen  0.18/turn              (no ring)
MPRegen  0.10/turn              (no ring)

@: glowing, very heavily drained
A: permanent stasis, dig shafts and tunnels, four strong arms, antennae 3
a: Dig, Shaft Self, Renounce Religion


You were on level 4 of the Dungeon.
You worshipped the Shining One.
The Shining One was noncommittal.
You were not hungry.

You visited 1 branch of the dungeon, and saw 4 of its levels.

You collected 241 gold pieces.

Inventory:

Hand Weapons
 a - a +0 quarterstaff (weapon)
 o - a +3 dire flail of protection
Armour
 b - a +0 scale mail (worn)
 c - a +0 shield (worn)
Scrolls
 d - a scroll of immolation {unknown}
 g - 6 scrolls of identify {unknown}
 h - 5 scrolls of remove curse {unknown}
 i - a scroll of enchant weapon {unknown}
 j - a scroll of random uselessness {unknown}
 k - a scroll of noise {unknown}
 n - a scroll of fog {unknown}
Potions
 m - 2 potions of curing
Comestibles
 f - 2 rations


   Skills:
 + Level 5.5(1.7) Fighting
 + Level 4.4(0.8) Staves
 - Level 3.2(0.0) Armour
 + Level 6.1(2.2) Shields


You had 6 spell levels left.
You didn't know any spells.
Your spell library contained the following spells:

 Spells                   Type           Power        Failure   Level  Hunger
 Magic Dart               Conj           #...         100%        1    ##.....
 Searing Ray              Conj           #.....       100%        2    ###....
 Dazzling Spray           Conj/Hex       #.....       100%        3    ####...
 Force Lance              Conj/Tloc      #.......     100%        4    #####..
 Fulminant Prism          Conj/Hex       #.........   100%        4    #####..
 Iskenderun's Mystic Bla  Conj           #.......     100%        4    #####..


Dungeon Overview and Level Annotations

Branches:
Dungeon (4/15)
 Temple: D:4-7

Altars:
The Shining One

Annotations:
D:4 Dowan, Duvessa


Innate Abilities, Weirdness & Mutations

You cannot be hasted, slowed, berserked, paralysed or teleported.
You can dig through walls and to a lower floor.
Your four strong arms can wield two-handed weapons with a shield.
You have a pair of large antennae on your head. (SInv)


Message History

Duvessa hits you with a +3 rapier of draining!
You feel drained. You block Duvessa's attack.
You closely miss Duvessa.
Duvessa is moderately wounded.
You block Duvessa's attack.
Duvessa hits you with a +3 rapier of draining.
* * * LOW HITPOINT WARNING * * *
You feel drained.
* * * LOW HITPOINT WARNING * * *
It was a potion of degeneration.
There was something very wrong with that liquid.
You feel weakened.
You feel dopey.
You feel clumsy.
Duvessa hits you with a +3 rapier of draining.
* * * LOW HITPOINT WARNING * * *
You feel drained.
* * * LOW HITPOINT WARNING * * *
It was a potion of haste.
Your stasis prevents you from being hasted.
Duvessa hits you with a +3 rapier of draining!
You die...

#.............#..#
##..#.#######.#..#
#..#.........#..#
##############..#
..% #.<# #.# #..#
##.# #..# ##ee#
#..# #@#.#
#######..# ###e#
#........# #.#
#.######.# #.# #.#
#.# #.#
#.############.#
#..............#
################


You could see Duvessa and Dowan.

Vanquished Creatures
  Edmund (D:4)
  2 ogres (D:4)
  A hound skeleton (D:4)
  4 gnolls (D:2)
  3 adders (D:2)
  2 oozes
  A worm (D:3)
  2 dart slugs (D:1)
  2 leopard geckos
  An orc (D:3)
  5 giant cockroaches
  8 goblins
  10 hobgoblins
  5 jackals
  2 quokkas (D:3)
  3 ball pythons
  4 bats
  3 frilled lizards
  11 kobolds
  5 rats
75 creatures vanquished.

Notes
Turn   | Place    | Note
-------+----------+-------------------------------------------
     0 | D:1      | Arum the Formicid Fighter began the quest for the Orb.
     0 | D:1      | Reached XP level 1. HP: 18/18 MP: 1/1
    46 | D:1      | Reached XP level 2. HP: 22/24 MP: 2/2
   104 | D:1      | Reached skill level 4 in Shields
   159 | D:1      | Reached XP level 3. HP: 22/30 MP: 3/3
   678 | D:2      | Reached XP level 4. HP: 29/37 MP: 4/4
   906 | D:2      | Reached XP level 5. HP: 28/43 MP: 5/5
  1781 | D:3      | Found a glowing golden altar of the Shining One.
  1786 | D:3      | Became a worshipper of the Shining One
  1823 | D:3      | Reached skill level 5 in Shields
  2268 | D:4      | Noticed an ogre
  2276 | D:4      | Killed an ogre
  2276 | D:4      | Reached XP level 6. HP: 15/50 MP: 6/6
  2509 | D:4      | Reached skill level 5 in Fighting
  2532 | D:4      | Noticed Edmund
  2560 | D:4      | Killed Edmund
  2560 | D:4      | Reached XP level 7. HP: 25/56 MP: 7/7
  2837 | D:4      | Reached skill level 6 in Shields
  3005 | D:4      | Noticed Duvessa
  3005 | D:4      | Noticed Dowan
  3029 | D:4      | Slain by Duvessa

Levels and vault maps discovered:
D:1:      scummos_arrival_simple_crosswalls, layout_loops_cross
D:2:      minmay_alternating_diamond, layout_basic
D:3:      layout_loops_ring, tso_metal_star
D:4:      layout_basic, first_ration, uniq_edmund, uniq_duvessa

Skill      XL: |  1  2  3  4  5  6  7 |
---------------+----------------------+-----
Shields        | 4 5 6 |  6.1
Fighting       | 4 5 |  5.5
Staves         | 3 4 |  4.4
Armour         | |  3.2

Action                   |  1- 3 |  4- 6 |  7- 9 || total
-------------------------+-------+-------+-------++-------
Melee: Quarterstaff      |    92 |   150 |    27 ||   269
 Abil: Dig               |     1 |     1 |     1 ||     3
  Use: Potion            |       |     3 |     3 ||     6
  Eat: Chunk             |       |     6 |     1 ||     7
Armor: Scale mail        |    31 |    32 |     3 ||    66
Dodge: Dodged            |    20 |    27 |     1 ||    48
Block: Shield            |    38 |    70 |    16 ||   124
